 Dungeon Crawl Stone Soup version 0.32-a0-290-g598725c5f2 (webtiles) character file.

Game seed: 12265344041909689737

133 Dittersdorf the Covered (level 5, -1/33 HPs)
             Began as a Gargoyle Fighter on Feb 13, 2024.
             Killed from afar by an orc wizard (8 damage)
             ... with a puff of flame
             ... on level 2 of the Dungeon.
             The game lasted 00:01:35 (1688 turns).

Dittersdorf the Covered (Gargoyle Fighter)          Turns: 1688, Time: 00:01:35

Health: -1/33      AC: 13    Str: 21    XL:     5   Next: 16%
Magic:  5/5        EV:  9    Int:  9    God:
Gold:   89         SH:  4    Dex:  9    Spells: 4/4 levels left

rFire   . . .        a - +0 flail
rCold   . . .        c - +0 buckler
rNeg    + . .        b - +0 scale mail
rPois   ∞            (no helmet)
rElec   +            l - +0 cloak
rCorr   .            k - +0 pair of gloves
SInv    .            (no boots)
Will    .....        (no amulet) Stlth
                     (no ring)
HPRegen 0.25/turn    (no ring)
MPRegen 0.09/turn

%: no passive effects
@: no status effects
A: sickness immunity, AC +4, negative energy resistance 1, electricity
resistance, torment resistance 1, petrification resistance
a: no special abilities


You were on level 2 of the Dungeon.
You visited 1 branch of the dungeon, and saw 3 of its levels.

You collected 89 gold pieces.

Inventory:

Hand Weapons
 a - a +0 flail (weapon)
Missiles
 f - a throwing net (quivered)
Armour
 b - a +0 scale mail (worn)
 c - a +0 buckler (worn)
 k - a +0 pair of gloves (worn)
 l - a +0 cloak (worn)
Scrolls
 e - a scroll of immolation {unknown}
 g - 4 scrolls of identify {unknown}
 h - 3 scrolls of blinking {unknown}
 i - a scroll of amnesia {unknown}
 j - 2 scrolls of fog {unknown}
 m - a scroll of torment {unknown}
 o - a scroll of fear {unknown}
 p - 3 scrolls of teleportation {unknown}
 s - a scroll of silence {unknown}
Potions
 d - a potion of might
 n - a potion of attraction {unknown}
 q - a potion of brilliance {unknown}
 r - a potion of magic {unknown}


   Skills:
 + Level 4.2 Fighting
 + Level 3.1 Maces & Flails
 + Level 4.2 Armour
 + Level 4.2 Shields


You had 4 spell levels left.
You didn't know any spells.
Your spell library contained the following spells:

 Spells                   Type           Power      Damage    Failure   Level
 Lesser Beckoning         Tloc           0%         N/A       89%         2
 Gell's Gravitas          Tloc           0%         N/A       98%         3
 Teleport Other           Tloc           0%         N/A       98%         3


Dungeon Overview and Level Annotations

Branches:
Dungeon (3/15)

Altars:


Innate Abilities, Weirdness & Mutations

You are immune to sickness and miasma.
Your stone body is resilient. (AC +4)
You are immune to poison.
You resist negative energy. (rN+)
You are resistant to electric shocks. (rElec)
You are resistant to unholy torment.
You are immune to petrification.


Message History

The orc wizard is lightly wounded.
The orc wizard hits you but does no damage.
The orc wizard mumbles some strange words.
The orc wizard flickers and vanishes!
Deactivating autopickup; reactivate with Ctrl-A.
You hit something. Something hits you but does no damage.
You miss something.
You hear some strange, mumbled words.
Something tries to affect you, but you resist.
You closely miss something. Something hits you but does no damage.
You miss something. Something hits you but does no damage. Something hits you.
You closely miss something.
You hear some strange, mumbled words.
A magic dart appears from out of thin air!
The magic dart hits you.
* * * LOW HITPOINT WARNING * * *
You hit something. Something hits you but does no damage.
You barely miss something. Something hits you but does no damage.
You miss something.
Something hits you but does no damage. x2
You closely miss something. Something hits you but does no damage.
You barely miss something. Something completely misses you.
You miss something. You block something's attack.
You miss something.
You hear some strange, mumbled words.
A puff of flame appears from out of thin air!
The puff of flame hits you but does no damage.
Something hits you but does no damage.
You barely miss something. Something hits you but does no damage.
You closely miss something. Something hits you.
* * * LOW HITPOINT WARNING * * *
You closely miss something. Something hits you but does no damage.
You barely miss something.
You hear some strange, mumbled words.
A magic dart appears from out of thin air!
The magic dart hits you.
* * * LOW HITPOINT WARNING * * *
You hear some strange, mumbled words.
A puff of flame appears from out of thin air!
The puff of flame hits you!
You die...

#.#)###.## ###.#
†...###.# #.#
..####..# #.#
.#####.##### #.##
...........####..##
.....#.###........#
.......#########.##
...........### #{#
....#..#.....###@##
###............#†>#
................).#
.#####.#.......##.#
..# ##.#......###.#
#.###..######.###.###
#.#.................#
#...........##......#
............##......#


There were no monsters in sight!

Vanquished Creatures
  3 gnolls (D:2)
  3 dart slugs (D:1)
  3 orcs
  6 endoplasms
  3 giant cockroaches
  2 hobgoblins
  5 jackals
  6 quokkas
  3 ball pythons
  A bat (D:1)
  3 frilled lizards
  4 goblins
  7 kobolds
  5 rats
54 creatures vanquished.

Notes
Turn   | Place    | Note
-------+----------+-------------------------------------------
     0 | D:1      | Dittersdorf the Gargoyle Fighter began the quest for the
                  | Orb.
     0 | D:1      | Reached XP level 1. HP: 14/14 MP: 1/1
   127 | D:1      | Reached XP level 2. HP: 19/19 MP: 2/2
   277 | D:1      | Reached XP level 3. HP: 23/23 MP: 3/3
   482 | D:1      | Found a faded altar of an unknown god.
  1044 | D:2      | Reached XP level 4. HP: 25/29 MP: 4/4
  1595 | D:2      | Reached XP level 5. HP: 25/33 MP: 5/5
  1688 | D:2      | Killed from afar by an orc wizard

Illustrated notes

Levels and vault maps discovered:
D:1:      noname_arrival_rooms_in_the_neighbourhood, layout_basic,
          shapermc_ecumenical_altar_flowoftime
D:2:      layout_rooms, minmay_misc_feat_hallway
D:3:      layout_basic, lemuel_tele_altar, uniq_ijyb

Skill      XL: |  1  2  3  4 |
---------------+-------------+-----
Armour         | 4 |  4.2
Fighting       | 4 |  4.2
Shields        | 4 |  4.2
Maces & Flails | 3 |  3.1

Action                     |  1- 3 |  4- 6 || total
---------------------------+-------+-------++-------
  Melee: Flail             |    97 |   124 ||   221
 Armour: Scale mail        |    46 |   167 ||   213
  Dodge: Dodged            |    47 |    82 ||   129
  Block: Buckler           |    11 |    47 ||    58

Table legend: (Time is in decaauts)
 A = Elapsed time spent in this place.
 B = Non-inter-level travel time spent in this place.
 C = Inter-level travel time spent in this place.
 D = Time resting spent in this place.
 E = Time spent auto-exploring this place.
 F = Levels seen in this place.
 G = Mean time per level.
                   A        B        C        D        E       F      G
               +--------+--------+--------+--------+--------+-----+--------+
         Total |   1755 |   1718 |     37 |     27 |   1237 |   3 |  585.0 |
       Dungeon |   1755 |   1718 |     37 |     27 |   1237 |   3 |  585.0 |
               +--------+--------+--------+--------+--------+-----+--------+

Top non-repeatable levels by time:
     D:1: 1059 daAuts
     D:2: 668 daAuts
     D:3: 27 daAuts
